 Dungeon Crawl Stone Soup version 0.20.1-1-g8b1a95d (webtiles) character file.

944 tidbits the Insei (level 7, -3/56 HPs)
             Began as a Demigod Transmuter on Aug 20, 2017.
             Slain by a wyvern (17 damage)
             ... on level 8 of the Dungeon.
             The game lasted 00:19:31 (2045 turns).

tidbits the Insei (Demigod Transmuter)              Turns: 2045, Time: 00:19:32

Health: -3/56      AC:  6    Str: 13    XL:     7   Next: 57%
Magic:  13/13      EV: 14    Int: 24    God:
Gold:   199        SH:  0    Dex: 18    Spells: 4/10 levels left

rFire    . . .     SeeInvis .     - Unarmed
rCold    . . .     Gourm    .   (no shield)
rNeg     . . .     Faith    .   B - +2 robe
rPois    .         Spirit   .   E - +0 helmet
rElec    .         Reflect  .   (no cloak)
rCorr    .         Harm     .   (no gloves)
MR       .....                  n - +0 pair of boots
Stlth    ++........             R - amulet of regeneration
Regen    0.6/turn               X - +2 ring of dexterity
MPRegen  0.2/turn               k - +3 ring of intelligence

@: no status effects
A: high mp 1
a: no special abilities


You were on level 8 of the Dungeon.
You were hungry.

You visited 1 branch of the dungeon, and saw 8 of its levels.

You collected 199 gold pieces.

Inventory:

Hand Weapons
 g - a +0 blowgun
Missiles
 a - 36 arrows
Armour
 n - a +0 pair of boots (worn)
 r - a +2 leather armour of cold resistance
   (You took it off an orc on level 3 of the Dungeon)
 B - a +2 robe (worn)
 E - a +0 helmet (worn)
Jewellery
 i - an uncursed ring of positive energy
   (You found it on level 2 of the Dungeon)
 k - a +3 ring of intelligence (right hand)
   (You found it on level 3 of the Dungeon)
 R - an amulet of regeneration (around neck)
   (You found it on level 4 of the Dungeon)
 X - a +2 ring of dexterity (left hand)
   (You found it on level 4 of the Dungeon)
Wands
 l - a wand of flame (9/48)
 o - a wand of scattershot (2/9)
 x - a wand of acid (11/15)
 y - a wand of iceblast (8/15)
Scrolls
 b - a scroll of brand weapon {unknown}
 e - a scroll of remove curse {unknown}
 h - 2 scrolls of enchant armour {unknown}
 j - a scroll of recharging {unknown}
 t - 3 scrolls of teleportation
 u - a scroll of amnesia {unknown}
 w - 3 scrolls of magic mapping {unknown}
Potions
 f - a potion of might
 z - a potion of resistance {unknown}
Books
 c - a book of Changes

   Spells                             Type                      Level
   a - Beastly Appendage              Transmutation                1
   b - Sticks to Snakes               Transmutation                2
   c - Spider Form                    Transmutation/Poison         3
   d - Ice Form                       Ice/Transmutation            4
   e - Blade Hands                    Transmutation                5
 s - a book of Callings
   (You found it on level 4 of the Dungeon)

   Spells                             Type                      Level
   a - Summon Small Mammal            Summoning                    1
   b - Call Imp                       Summoning                    2
   c - Call Canine Familiar           Summoning                    3
   d - Summon Guardian Golem          Hexes/Summoning              3
   e - Summon Lightning Spire         Summoning/Air                4
   f - Summon Ice Beast               Ice/Summoning                4
Comestibles
 d - 4 bread rations
 m - 4 fruits
 p - 2 royal jellies
 q - a meat ration


   Skills:
 + Level 2.4 Fighting
 + Level 3.0 Dodging
 * Level 7.0 Unarmed Combat
 - Level 2.4 Spellcasting
 - Level 3.5 Transmutations


You had 4 spell levels left.
You knew the following spells:

 Your Spells              Type           Power        Failure   Level  Hunger
e - Beastly Appendage     Tmut           ###...       2%          1    None
k - Sticks to Snakes      Tmut           ###.....     4%          2    ##.....
p - Spider Form           Tmut/Pois      ##........   17%         3    ###....


Dungeon Overview and Level Annotations

Branches:
Dungeon (8/15)
 Temple: D:4-7         Lair: D:8-11

Annotations:
D:6 exclusion: statue


Innate Abilities, Weirdness & Mutations

You have an increased reservoir of magic. (+10% MP)


Message History

You climb downwards.
A kobold, an orc and an orc wizard come into view.
The kobold shouts!
The orc shouts!
Found 8 gold pieces.
There is a stone staircase leading up here.
A kobold comes into view.
The orc wizard moves out of view.
The kobold moves out of view.
Found a stone staircase leading up.
Casting: Spider Form
Confirm with . or Enter, or press ? or * to list all spells.
You create 2 snakes!
You now have 37 arrows.
Casting: Sticks to Snakes
Confirm with . or Enter, or press ? or * to list all spells.
You turn into a venomous arachnid creature.
Your +0 helmet melds into your body.
Your +0 pair of boots melds into your body.
Your +2 robe melds into your body.
You are feeling hungry.
An orc comes into view. It is wielding a dagger.
The orc barely misses you.
You hit the orc but do no damage.
Your ball python bites the kobold but does no damage.
Your ball python closely misses the kobold.
The orc barely misses you.
You hit the orc.
The orc is heavily wounded.
Your ball python bites the kobold.
Your ball python barely misses the kobold.
The kobold completely misses you.
You hit the orc.
You kill the orc!
Your ball python barely misses the kobold.
Your ball python grabs the kobold.
Your ball python constricts the kobold.
The kobold completely misses your ball python.
The kobold completely misses you.
You hit the kobold.
You kill the kobold!
Your ball python bites the kobold.
Your ball python constricts the kobold.
The kobold completely misses your ball python.
Your ball python bites the kobold.
Your ball python constricts the kobold.
The kobold misses you.
Your ball python bites the kobold.
Your ball python constricts the kobold.
The orc wizard hits your ball python with a dagger.
Your ball python dies!
The kobold shouts!
You bite the orc wizard!
The orc wizard is poisoned.
The orc wizard is heavily wounded.
You hear a shout! x3; You hear an angry hiss.
The kobold barely misses you.
You barely miss the orc wizard.
The orc wizard is heavily wounded.
The orc wizard hits your ball python with a dagger.
Your ball python dies!
The kobold misses you.
You bite the orc wizard!
You kill the orc wizard!
Your Dodging skill increases to level 3!
Your Unarmed Combat skill increases to level 7!
Your transformation is almost over.
The kobold barely misses you.
You hit the kobold.
You kill the kobold!
A wyvern and an orc come into view.
Casting: Spider Form
Confirm with . or Enter, or press ? or * to list all spells.
You create a snake!
You now have 36 arrows.
The wyvern hisses angrily.
The orc hits you with a mace.
Casting: Sticks to Snakes
Confirm with . or Enter, or press ? or * to list all spells.
You don't have enough magic to cast that spell.
You bite the orc!
You kill the orc!
The wyvern bites your ball python.
Your ball python dies!
You hit the orc.
The orc is poisoned.
The orc is heavily wounded.
An orc comes into view. It is wielding a hand axe of chopping.
You hit the wyvern.
The wyvern is poisoned.
The wyvern is lightly wounded.
The wyvern bites you. The orc completely misses you.
You hit the wyvern.
The wyvern looks as sick as possible!
The wyvern is moderately wounded.
You kill the orc!
The wyvern bites you! x2
A big kobold comes into view. It is wielding a short sword.
You hit the wyvern.
The wyvern looks as sick as possible!
The wyvern is heavily wounded.
The wyvern bites you!
* * * LOW HITPOINT WARNING * * *
You closely miss the wyvern.
The wyvern is heavily wounded.
The wyvern bites you.
* * * LOW HITPOINT WARNING * * *
It was a potion of magic.
Magic courses through your body.
Your transformation has ended.
Your +0 helmet unmelds from your body.
Your +0 pair of boots unmelds from your body.
Your +2 robe unmelds from your body.
The wyvern bites you!
You die...

.o.# #..# #.o#
.o# ..# ..
#K####.###....
###............$
#.<.####<#.....
.##....@)oK.#
......).l).##
####..#####.#
#.. ... #. ...#
.. ..## ## ###


You could see a wyvern, a big kobold and an orc.

Vanquished Creatures
  An orc warrior (D:6)
  Duvessa (D:5)
  2 phantoms
  An ogre (D:4)
  A bullfrog (D:6)
  Dowan (D:5)
  2 scorpions
  A crimson imp (D:6)
  An orc wizard (D:8)
  2 hounds (D:6)
  A worker ant zombie (D:5)
  Robin (D:3)
  2 shadow imps
  2 adder skeletons
  2 dart slugs
  4 leopard geckos
  12 orcs
  5 giant cockroaches
  7 hobgoblins
  4 jackals (D:1)
  10 kobolds
  A quokka (D:5)
  2 ball pythons
  5 bats
  5 frilled lizards
  18 goblins
  A jackal zombie (D:6)
  A rat (D:2)
96 creatures vanquished.

Vanquished Creatures (collateral kills)
  A centaur skeleton (D:4)
  A worker ant zombie (D:5)
  A howler monkey skeleton (D:4)
  An adder (D:6)
  A quokka (D:2)
  A frilled lizard (D:5)
6 creatures vanquished.

Grand Total: 102 creatures vanquished

Notes
Turn   | Place    | Note
-------+----------+-------------------------------------------
     0 | D:1      | tidbits the Demigod Transmuter began the quest for the Orb.
     0 | D:1      | Reached XP level 1. HP: 15/15 MP: 5/5
    44 | D:1      | Reached skill level 3 in Unarmed Combat
   182 | D:1      | Reached XP level 2. HP: 17/22 MP: 5/7
   289 | D:2      | Learned a level 2 spell: Sticks to Snakes
   448 | D:2      | Found a burning altar of Makhleb.
   559 | D:3      | Reached XP level 3. HP: 27/27 MP: 6/8
   737 | D:3      | Reached skill level 2 in Spellcasting
   750 | D:3      | Learned a level 3 spell: Spider Form
   950 | D:4      | Reached skill level 4 in Unarmed Combat
   955 | D:4      | Noticed an ogre
   957 | D:4      | Reached XP level 4. HP: 22/34 MP: 2/10
   967 | D:4      | Killed an ogre
   967 | D:4      | Reached skill level 2 in Transmutations
   967 | D:4      | Reached XP level 5. HP: 39/39 MP: 3/11
  1066 | D:3      | Noticed Robin
  1162 | D:5      | Entered Level 5 of the Dungeon
  1190 | D:3      | Killed Robin
  1190 | D:3      | Reached skill level 5 in Unarmed Combat
  1393 | D:5      | Noticed Duvessa
  1393 | D:5      | Noticed a phantom
  1395 | D:5      | Noticed Dowan
  1416 | D:5      | Killed Duvessa
  1416 | D:5      | Reached skill level 3 in Transmutations
  1416 | D:5      | Reached XP level 6. HP: 45/46 MP: 4/12
  1425 | D:5      | Killed Dowan
  1518 | D:5      | Reached skill level 1 in Fighting
  1518 | D:5      | Reached skill level 6 in Unarmed Combat
  1794 | D:6      | Reached skill level 2 in Dodging
  1810 | D:6      | Reached XP level 7. HP: 52/52 MP: 8/13
  1824 | D:6      | Found a radiant altar of Vehumet.
  1912 | D:6      | Reached skill level 2 in Fighting
  2035 | D:8      | Reached skill level 3 in Dodging
  2035 | D:8      | Reached skill level 7 in Unarmed Combat
  2037 | D:8      | Noticed a wyvern
  2045 | D:8      | Slain by a wyvern

Skill      XL: |  1  2  3  4  5  6  7 |
---------------+----------------------+-----
Unarmed Combat | 3 4 5 6 7 |  7.0
Spellcasting   | 2 |  2.4
Transmutations | 2 3 |  3.5
Fighting       | 1 2 |  2.4
Dodging        | 2 3 |  3.0

Action                   |  1- 3 |  4- 6 |  7- 9 || total
-------------------------+-------+-------+-------++-------
Melee: Unarmed           |   121 |   110 |    44 ||   275
       Kick              |    14 |       |       ||    14
       Headbutt          |     2 |       |       ||     2
 Cast: Beastly Appendage |    19 |       |       ||    19
       Sticks to Snakes  |     3 |    10 |     7 ||    20
       Spider Form       |     8 |    16 |     5 ||    29
  Use: Scroll            |       |     5 |       ||     5
       Potion            |       |     1 |     1 ||     2
 Stab: Sleeping          |     2 |     1 |       ||     3
       Distracted        |       |     2 |     2 ||     4
  Eat: Chunk             |     1 |     5 |     2 ||     8
Armor: Robe              |    18 |     3 |     2 ||    23
       Skin              |       |    10 |     2 ||    12
Dodge: Dodged            |    72 |   109 |    27 ||   208

Table legend:
 A = Turns spent in this place as a percentage of turns spent in the entire game.
 B = Non-inter-level travel turns spent in this place as a percentage of non-inter-level travel turns spent in the entire game.
 C = Inter-level travel turns spent in this place as a percentage of turns spent in this place.
 D = Turns resting spent in this place as a percentage of non-inter-level travel turns spent in this place.
 E = Turns spent auto-exploring this place as a percentage of non-inter-level travel turns spent in this place.
 F = Non-inter-level travel turns spent in this place divided by the number of levels of this place that you've seen.
                   A       B       C       D       E      F
               +-------+-------+-------+-------+-------+----------------------
         Total | 100.0 | 100.0 |   0.1 |   0.0 |   0.0 | 247.8
       Dungeon | 100.0 | 100.0 |   0.1 |   0.0 |   0.0 | 247.8
               +-------+-------+-------+-------+-------+----------------------

Table legend:
 A = Kills in this place as a percentage of kills in entire the game.
 B = Kills by you in this place as a percentage of kills by you in the entire game.
 C = Kills by friends in this place as a percentage of kills by friends in the entire game.
 D = Other kills in this place as a percentage of other kills in the entire game.
 E = Experience gained in this place as a percentage of experience gained in the entire game.
 F = Experience gained in this place divided by the number of levels of this place that you have seen.
                   A       B       C       D       E      F
               +-------+-------+-------+-------+-------+----------------------
         Total | 100.0 | 100.0 | 100.0 |  -nan | 100.0 | 168.6
       Dungeon | 100.0 | 100.0 | 100.0 |  -nan | 100.0 | 168.6
               +-------+-------+-------+-------+-------+----------------------

Vault maps used:
D:1:      minmay_arrival_plants_in_alcoves
D:2:      chequers_temple_overflow_statue_of_worship, serial_corexii_hall,
          corexii_hall_statues_x, corexii_hall_statues_i,
          corexii_hall_statues_x, bloody_makhleb
D:3:      corexii_shack_village, uniq_robin, uniq_sigmund
D:4:      uniq_menkaure
D:5:      temple_statues, first_bread, serial_park_tiny_2, uniq_duvessa
D:6:      vehumet_statue, kennysheep_generic_room_7
D:8:      fedhas_altar_decomposition, lemuel_crystal_altar, uniq_gastronok
